[Event "FRA-ch Youth U20 2018"]
[Site "Agen"]
[Date "2018.04.21"]
[Round "8"]
[White "Philippe, Guillaume"]
[Black "Ek, Alexandre"]
[Result "1-0"]
[ECO "B20"]
[WhiteElo "2372"]
[BlackElo "2222"]
[Annotator "NA RC"]
[PlyCount "69"]
[EventDate "2018.??.??"]
[EventType "swiss"]
[EventCountry "FRA"]
[SourceTitle "playchess.com"]
[Source "ChessBase"]
[SourceQuality "1"]
[TimeControl "5400+30"]

1. e4 c5 2. a3 Nc6 3. b4 cxb4 4. axb4 Nxb4 5. c3 Nc6 6. d4 d5 7. exd5 {[%emt 0:00:12] B20: Sicilian: Unusual White 2nd moves} Qxd5 8. Na3 Bf5 {[%emt 0:25:01] LiveBook: 3 Games} (8... Qa5 $11) 9. Nb5 Rc8 10. Bf4 ({White should try} 10. Nxa7 $14 Nxa7 11. Rxa7 e5 12. Nf3 exd4 13. Nxd4 Bd7 14. Nb5 Qxd1+ 15. Kxd1 {1-0 (27) Carlsen,M (2837)-Inarkiev,E (2689) Riadh 2017}) 10... e5 11. dxe5 Qe4+ 12. Be3 $146 ({Predecessor:} 12. Ne2 $11 {keeps the balance.} Nxe5 13. Bxe5 Qxe5 14. Nbd4 Bc5 15. Nxf5 Qxf5 {½-½ (56) Karlicek,P (2147)-Vichnar,D (2223) Czechia 2011}) 12... a6 13. Nd6+ Bxd6 $1 14. exd6 Rd8 15. Nf3 Qe6 16. Nd4 Nxd4 17. Qxd4 Nf6 18. Rd1 O-O $1 19. Bc4 Qe4 20. f3 Qxd4 21. Rxd4 b5 22. Bd3 Be6 23. Bg5 Rd7 24. Kf2 Rc8 25. Ra1 Nd5 26. Rxa6 Nxc3 27. Bd2 b4 28. Rxb4 Nd5 29. Rd4 f6 30. Bb5 Rcd8 31. Ba5 Kf7 32. Bxd8 Rxd8 $18 33. Bc4 Ne7 34. dxe7 Rxd4 35. Rxe6 1-0

[Event "FRA-ch Youth U20 2018"]
[Site "Agen"]
[Date "2018.04.21"]
[Round "8"]
[White "Albaric, Etienne"]
[Black "Pigeat, Alexandre"]
[Result "1-0"]
[ECO "C05"]
[WhiteElo "2202"]
[BlackElo "2275"]
[Annotator "NA"]
[PlyCount "77"]
[EventDate "2018.??.??"]
[EventType "swiss"]
[EventCountry "FRA"]
[SourceTitle "playchess.com"]
[Source "ChessBase"]
[SourceQuality "1"]
[TimeControl "5400+30"]

1. e4 e6 2. d4 d5 3. Nd2 Nf6 4. e5 Nfd7 5. Bd3 c5 6. c3 Nc6 7. Ne2 Qb6 8. O-O cxd4 9. cxd4 Be7 {[%emt 0:01:58] LiveBook: 5 Games} (9... Nxd4 $11 10. Nxd4 Qxd4) 10. Nf3 f6 11. Nf4 {[%emt 0:14:11] C06: French Tarrasch: 3...Nf6 4 e5 Nfd7 5 Bd3 main lines} (11. exf6 Nxf6 12. Nf4 O-O 13. Re1 Bb4 14. Re2 Re8 15. Be3 Bd7 16. Ne5 Re7 17. Rc2 Bd6 18. Nxd7 Nxd7 19. Ne2 Nb4 {0-1 (39) Tiglon,B (2313)-Wheeler,C (2408) Las Vegas 2016}) 11... Nf8 12. Nh5 Rg8 13. exf6 gxf6 14. Bh6 Bd7 $146 ({Predecessor:} 14... Ng6 15. Re1 Bd7 16. Ng7+ Kf7 17. Nh5 Bd6 18. Ng5+ fxg5 {1-0 (26) Guerra Tulcan,L (2254)-Gandoy Martinez,P (1783) Ourense 2007}) 15. Ng7+ Kd8 16. Nh5 (16. Bc2 $14) 16... Ng6 (16... Nxd4 $11 17. Bg7 Nxf3+ 18. Qxf3 f5) 17. Be3 Qc7 (17... Kc7 $14) 18. Rc1 Qd6 19. Re1 b6 20. Qb3 Be8 21. Bb5 Na5 22. Qa4 Nh4 23. Nxh4 Bxh5 24. Bd2 Nc4 25. Bxc4 f5 26. Be2 Be8 27. Bb5 Bxh4 28. Bxe8 Rxe8 29. Rc6 Qd7 30. Bf4 Be7 31. Bc7+ Qxc7 32. Rxc7 Kxc7 33. Rxe6 Rac8 34. Qxa7+ Kd8 35. g3 f4 36. Qb7 fxg3 37. Qxd5+ Kc7 38. Qc6+ Kd8 39. Rd6+ 1-0

[Event "FRA-ch Youth U20 2018"]
[Site "Agen"]
[Date "2018.04.21"]
[Round "8"]
[White "Haussernot, Cecile"]
[Black "Guigue, Marie-Celine"]
[Result "1/2-1/2"]
[ECO "C44"]
[WhiteElo "2165"]
[BlackElo "1288"]
[Annotator "NA"]
[PlyCount "123"]
[EventDate "2018.??.??"]
[EventType "swiss"]
[EventCountry "FRA"]
[SourceTitle "playchess.com"]
[Source "ChessBase"]
[SourceQuality "1"]
[TimeControl "5400+30"]

1. e4 e5 2. Nf3 Nc6 3. d4 exd4 4. Nxd4 Qf6 5. Nxc6 Bc5 6. Qf3 dxc6 7. Nc3 {[%emt 0:00:21] C45: Scotch Game} Be6 8. Qg3 O-O-O 9. Bd3 (9. Be3 Bxe3 10. Qxe3 Kb8 11. f4 Qe7 12. Bd3 Nh6 13. O-O-O f6 14. g3 Nf7 {½-½ (29) Nepomniachtchi,I (2766)-Carlsen,M (2851) Leuven 2017}) 9... h5 $146 ({Predecessor:} 9... Qg6 10. Bf4 Qxg3 11. Bxg3 Nf6 12. Bh4 Bd4 13. O-O-O Ng4 14. Rdf1 f6 {0-1 (29) Nikolovski,N (2420)-Erdos,V (2624) Antalya 2017}) 10. h4 Bd6 11. f4 Bb4 12. Bd2 g6 ({Black should try} 12... Bg4 $15) 13. a3 Ba5 14. O-O-O Nh6 15. Rhf1 Qg7 (15... Bg4 $11 {keeps the balance.}) 16. f5 Bd7 17. Kb1 ({Better is} 17. Qg5 $16 Bb6 18. e5) 17... Ng4 $1 18. f6 Qf8 19. Nd5 cxd5 20. Bxa5 Qc5 21. Bb4 Qe3 22. Rf3 Qb6 23. exd5 Nxf6 24. Bc3 Nxd5 25. Bxh8 Rxh8 26. Be4 Nf6 27. Qe5 Re8 28. Qxf6 Qxf6 29. Rxf6 Rxe4 30. Rxf7 Bc6 31. Rg7 Re6 32. Rf1 Be8 33. Rf3 Kd8 34. Rd3+ Kc8 35. Rc3 Bc6 36. b4 $18 a6 37. a4 b5 38. axb5 axb5 39. Rc5 Kb7 40. Kc1 Rd6 41. g3 Kb6 42. Re5 Bd5 43. Ree7 c5 44. Rd7 Rxd7 45. Rxd7 Kc6 46. Rg7 Be4 47. bxc5 Kxc5 48. Kd2 Bf5 49. Ke3 Kd5 50. c3 Kc4 51. Rc7+ Kd5 52. Kf4 Kd6 53. Rf7 Kc5 54. Ke5 Kc4 55. Rc7+ Kb3 56. Rc5 Bd3 57. Kd4 Bc4 58. Rc6 Bf7 59. Rf6 Be8 60. Re6 Bf7 61. Re7 Bc4 62. Rg7 1/2-1/2

[Event "FRA-ch Youth U20 2018"]
[Site "Agen"]
[Date "2018.04.21"]
[Round "8"]
[White "Laronche, Thomas"]
[Black "Meunier, Clement"]
[Result "1/2-1/2"]
[ECO "C01"]
[WhiteElo "2137"]
[BlackElo "2370"]
[Annotator "NA RC"]
[PlyCount "166"]
[EventDate "2018.??.??"]
[EventType "swiss"]
[EventCountry "FRA"]
[SourceTitle "playchess.com"]
[Source "ChessBase"]
[SourceQuality "1"]
[TimeControl "5400+30"]

1. e4 e6 2. d4 d5 3. exd5 exd5 4. Bd3 Nc6 5. c3 Bd6 6. Ne2 Nge7 7. Bf4 Bg4 {[%emt 0:07:45] LiveBook: 18 Games} 8. f3 {[%emt 0:02:45] C01: French: Exchange Variation} (8. Qd2 Bxe2 9. Bxe2 O-O 10. O-O Ng6 11. Bxd6 Qxd6 12. g3 {½-½ (12) Markovic,M (2458)-Sedlak,N (2538) Valjevo 2012}) 8... Bxf4 9. Nxf4 Qd6 10. fxg4 $146 ({Predecessor:} 10. Qd2 Bf5 11. Na3 O-O-O 12. O-O-O Rhe8 13. g3 g5 14. Bxf5+ Nxf5 15. Nd3 Qf6 {½-½ (60) Palermo,S (2048)-Vuelban,V (2356) Frascati 2009}) 10... Qxf4 11. Nd2 O-O-O 12. Qf3 Qxf3 13. gxf3 (13. Nxf3 $16 f6 14. O-O) 13... Ng6 14. Bf5+ Kb8 15. Bxg6 hxg6 16. h4 Rde8+ 17. Kf2 Nd8 18. Kg3 (18. Nb3 $11) 18... Re2 19. Rad1 g5 20. h5 Ne6 21. Rhe1 Nf4 22. Rxe2 Nxe2+ 23. Kf2 Nf4 24. Nf1 g6 25. hxg6 fxg6 26. Rd2 Rh1 27. Ne3 c6 28. Ng2 Kc7 29. Kg3 Rg1 30. Kh2 Ra1 31. a3 a5 32. Nxf4 gxf4 33. g5 Kd7 34. Re2 a4 35. Kg2 Rb1 36. Kh2 b6 37. Kg2 c5 38. Rd2 Kd6 39. Kh2 Re1 40. Kg2 Kc6 41. Kh2 Rc1 42. Kg2 Kd6 43. Kh2 Ra1 44. Kg2 Re1 45. Kh2 Ke6 46. Kg2 c4 47. Kf2 Re3 48. Rd1 Kf5 49. Rh1 b5 50. Rh8 b4 51. axb4 a3 52. bxa3 Rxc3 $11 53. a4 Rc2+ 54. Ke1 c3 55. Rc8 Rb2 56. b5 Rb4 57. Rxc3 Rxa4 58. Rb3 Ra7 59. b6 Rb7 60. Rb5 Ke6 61. Kd2 Kd6 62. Kd3 Kc6 63. Rc5+ Kd6 64. Rc8 Rxb6 65. Rf8 Rb3+ 66. Ke2 Rb2+ 67. Kf1 Rd2 68. Rxf4 Ke7 69. Rf6 Rxd4 70. Rxg6 Rd2 71. f4 d4 72. Ke1 Rg2 73. Ra6 Rg4 74. Rf6 Rg2 75. Kf1 d3 76. Ke1 Re2+ 77. Kd1 Rg2 78. Ra6 Rf2 79. Ra4 Ke6 80. Rd4 d2 81. g6 Kf6 82. Rd6+ Kg7 83. Rxd2 Rxf4 1/2-1/2

[Event "FRA-ch Youth U20 2018"]
[Site "Agen"]
[Date "2018.04.21"]
[Round "8"]
[White "Retailleau, Elise"]
[Black "Aubert, Laurane"]
[Result "0-1"]
[ECO "B40"]
[WhiteElo "1932"]
[BlackElo "1952"]
[Annotator "NA"]
[PlyCount "92"]
[EventDate "2018.??.??"]
[EventType "swiss"]
[EventCountry "FRA"]
[SourceTitle "playchess.com"]
[Source "ChessBase"]
[SourceQuality "1"]
[TimeControl "5400+30"]

1. e4 c5 2. Nf3 e6 3. d4 cxd4 4. Nxd4 Nf6 5. Bd3 Nc6 6. Nxc6 bxc6 7. O-O d5 8. Nc3 Be7 9. e5 {[%emt 0:00:42] B40: Sicilian: 2...e6, Unusual lines} (9. Qe2 O-O 10. b3 Bb7 11. Bb2 c5 12. Rad1 Qc7 13. Nb5 Qb6 14. e5 Nd7 15. c4 d4 16. f4 g6 17. Be4 Bxe4 18. Qxe4 {1-0 (61) Pichot,A (2544)-Tregubov,P (2585) Doha 2016}) 9... Nd7 10. Qg4 g6 11. Qg3 Qb6 12. Kh1 Bf8 $146 ({Predecessor:} 12... Nc5 13. b3 Nxd3 14. cxd3 {1-0 (29) Novotny,M (2293)-Vokoun,J (2160) Pardubice 2013}) 13. f4 Bg7 14. b3 O-O 15. Ba3 Re8 16. Na4 Qa5 17. Bb2 Bb7 18. c4 Qd8 19. Rae1 a5 $16 20. Nc3 Ba6 21. Rf2 Qb8 22. Ba3 Qb6 23. Na4 Qa7 24. Rc2 Rac8 25. Rec1 d4 26. c5 f6 27. exf6 Nxf6 28. Nb6 Rcd8 29. Rd2 Nh5 30. Qf3 Bxd3 31. Rxd3 Qc7 32. g3 e5 33. fxe5 Bxe5 34. Bb2 Rf8 35. Qg2 Ng7 36. Nc4 Bf6 37. Qd2 Ne6 38. Qxa5 Qd7 39. Nb6 Qf7 40. Qe1 Bg5 41. Rc2 Qf5 42. Qd1 Qe4+ 43. Rg2 Rf2 44. Qg1 Rxg2 45. Qxg2 Qxd3 46. Qxc6 Qf1# 0-1

[Event "FRA-ch Youth U20 2018"]
[Site "Agen"]
[Date "2018.04.21"]
[Round "8"]
[White "Fretel, Liza"]
[Black "Aouachria, Marwa"]
[Result "0-1"]
[ECO "B23"]
[WhiteElo "1849"]
[BlackElo "1687"]
[Annotator "NA"]
[PlyCount "112"]
[EventDate "2018.??.??"]
[EventType "swiss"]
[EventCountry "FRA"]
[SourceTitle "playchess.com"]
[Source "ChessBase"]
[SourceQuality "1"]
[TimeControl "5400+30"]

1. e4 c5 2. Nc3 e6 3. Nf3 a6 4. g3 Nc6 5. Bg2 g6 6. d3 {[%emt 0:01:25] B40: Sicilian: 2...e6, Unusual lines} (6. d4 cxd4 7. Nxd4 Bg7 8. Nde2 d6 9. O-O Nf6 10. Bf4 Ne5 11. Qd2 O-O 12. b3 Qc7 13. Rad1 Ne8 14. Bh6 Bxh6 15. Qxh6 b5 {½-½ (36) Dzhumaev,M (2481)-Tillyaev,U (2346) Tashkent 2016}) 6... Bg7 7. Be3 Nd4 8. O-O Ne7 9. Qd2 Nec6 10. Ne1 h5 $146 ({Predecessor:} 10... Qa5 11. Bh6 O-O 12. Bxg7 Kxg7 13. f4 d6 14. Qf2 f5 15. exf5 gxf5 {½-½ (23) Kulhanek,T (2330)-Rosko,L (2350) Czechia 2014}) 11. Nd1 d6 12. c3 Nb5 13. Nf3 Bd7 14. a4 Nc7 15. d4 cxd4 16. cxd4 d5 17. e5 b5 18. Bg5 Ne7 19. Rc1 (19. a5 $18) 19... bxa4 20. Qb4 (20. Ne3 $16) 20... Nb5 21. Nc3 a5 22. Qxe7+ Qxe7 23. Bxe7 Kxe7 24. Nxb5 Bxb5 25. Rc7+ Bd7 26. Rfc1 Rhc8 27. Ne1 Kd8 28. Rxc8+ Rxc8 29. Rxc8+ Kxc8 30. Bf1 Bf8 31. Nc2 Kb7 32. f3 Kb6 33. Kf2 Bb5 34. Be2 Bb4 35. Ke3 Be7 36. h4 Bxe2 37. Kxe2 Kb5 38. Kd3 g5 39. hxg5 Bxg5 40. f4 Be7 41. f5 a3 42. f6 Bf8 $19 43. b3 Bb4 44. Ke3 a4 45. bxa4+ Kxa4 46. Kd3 Kb3 47. Na1+ Kb2 48. Nc2 Bf8 49. Nxa3 Kxa3 50. Ke3 Bh6+ 51. Kf3 Kb4 52. g4 h4 53. g5 Bxg5 54. Kg4 Bh6 55. Kxh4 Kc4 56. Kh5 Bf8 0-1

[Event "FRA-ch Youth U20 2018"]
[Site "Agen"]
[Date "2018.04.21"]
[Round "8"]
[White "Terrazzoni, Claire"]
[Black "Bartels, Karina"]
[Result "1/2-1/2"]
[ECO "B23"]
[WhiteElo "1819"]
[BlackElo "1702"]
[Annotator "NA"]
[PlyCount "68"]
[EventDate "2018.??.??"]
[EventType "swiss"]
[EventCountry "FRA"]
[SourceTitle "playchess.com"]
[Source "ChessBase"]
[SourceQuality "1"]
[TimeControl "5400+30"]

1. e4 c5 2. Nc3 a6 3. Nf3 b5 4. d4 cxd4 5. Nxd4 Bb7 6. Bg5 {[%emt 0:00:47] B28: Sicilian: 2 Nf3 a6 (O'Kelly Variation)} d6 (6... h6 $11 {keeps the balance.} 7. Bh4 Nf6) (6... Qc7 7. Qd2 e6 8. Bd3 Nc6 9. Nxc6 Qxc6 10. O-O Ne7 11. Rfe1 Ng6 12. a4 b4 13. Nd5 h6 {0-1 (38) Caruana,F (2807)-Nepomniachtchi,I (2751) Saint Louis 2017}) 7. a4 b4 $146 ({Find the theoretical novelty and annotate with similar games:} 7... bxa4 8. Rxa4 Nf6 9. Bxf6 gxf6 10. Qh5 Nc6 11. Nxc6 Bxc6 12. Bc4 Bxa4 13. Bxf7+ Kd7 {½-½ (32) Ramnath,B (2372)-Deepan Chakkravarthy,J (2518) Mumbai 2009}) 8. Nd5 Nf6 ({Black should try} 8... Nd7 $14) 9. Bxf6 gxf6 10. Qf3 Bxd5 11. exd5 Qb6 12. Qe4 Nd7 13. a5 Qb7 14. Nc6 b3 15. c3 Nc5 16. Qb4 Rg8 17. Qxb7 Nxb7 18. Nb4 Nc5 19. g3 e5 20. Ra3 Bh6 21. h3 Bc1 22. Nd3 Nxd3+ 23. Bxd3 Rb8 24. Bxa6 Bxb2 25. Ra4 Bxc3+ 26. Ke2 Ra8 27. Bb5+ Kd8 28. a6 b2 29. Bc6 Ra7 30. Bb7 Kd7 31. Rh4 Rh8 32. Rh6 Ke7 33. Rh4 Bd4 $15 34. Kf3 Kf8 1/2-1/2

[Event "FRA-ch Youth U20 2018"]
[Site "Agen"]
[Date "2018.04.22"]
[Round "9"]
[White "Aubert, Laurane"]
[Black "Azan, Sarah"]
[Result "1-0"]
[ECO "B18"]
[WhiteElo "1952"]
[BlackElo "1381"]
[Annotator "NA RC"]
[PlyCount "71"]
[EventDate "2018.??.??"]
[EventType "swiss"]
[EventCountry "FRA"]
[SourceTitle "playchess.com"]
[Source "ChessBase"]
[SourceQuality "1"]
[TimeControl "5400+30"]

1. e4 c6 2. d4 d5 3. Nc3 dxe4 4. Nxe4 Bf5 5. Ng3 Bg6 6. Nh3 h6 7. Nf4 Bh7 8. Bc4 e6 {[%emt 0:02:27] B18: Classical Caro-Kann: 4...Bf5 sidelines} (8... Nf6 9. O-O Na6 10. c3 Nc7 11. Qb3 e6 12. Qxb7 Qd7 13. Ngh5 Nfd5 14. Nxd5 cxd5 15. Bb5 Qxb5 16. Qxc7 Qb6 {1-0 (46) Lugovskoy,M (2489)-Mikhailov,S (2304) Taganrog 2016}) 9. O-O Nf6 10. Re1 Nd5 11. Bxd5 cxd5 12. Qh5 g6 13. Qe5 Rg8 14. Qxd5 Qxd5 15. Nxd5 Kd8 16. Nf6 Rh8 17. d5 $146 Bg7 18. Nxh7 ({Less strong is} 18. dxe6 Bxf6 19. Bxh6 Ke7 $14) 18... Rxh7 19. dxe6 fxe6 20. Rxe6 g5 21. Nf5 Bf8 22. Bd2 Nd7 23. Rae1 Kc7 24. Nd4 Rd8 $2 (24... b6 {was worth a try.} 25. f4 gxf4 26. Bxf4+ Kb7) 25. R6e2 (25. Nb5+ $142 Kb8 26. Re8) 25... Kb8 26. Ne6 Rc8 27. Nxf8 Nxf8 28. Bb4 b6 29. Re8 Ng6 30. g3 Nh8 31. Bd6+ Kb7 32. c3 Rxe8 33. Rxe8 Nf7 (33... Rd7 {keeps fighting.} 34. Ba3 Nf7) 34. Re7+ Ka6 35. c4 Rg7 36. b4 $18 1-0

[Event "FRA-ch Youth U20 2018"]
[Site "Agen"]
[Date "2018.04.22"]
[Round "9"]
[White "Leriche, Ines"]
[Black "Terrazzoni, Claire"]
[Result "1-0"]
[ECO "D35"]
[WhiteElo "1913"]
[BlackElo "1819"]
[Annotator "NA RC"]
[PlyCount "155"]
[EventDate "2018.??.??"]
[EventType "swiss"]
[EventCountry "FRA"]
[SourceTitle "playchess.com"]
[Source "ChessBase"]
[SourceQuality "1"]
[TimeControl "5400+30"]

1. d4 d5 2. c4 e6 3. Nc3 Nf6 4. cxd5 exd5 5. Bg5 Be7 6. e3 c6 7. Bd3 O-O 8. h3 Nbd7 9. Nf3 Re8 10. O-O Ne4 11. Bf4 Ndf6 12. Qc2 Bd6 {[%emt 0:02:08] D36: Queen's Gambit Declined: Exchange Variation: Main line (5 Bg5 c6 6 Qc2)} 13. Bxd6 Qxd6 (13... Nxd6 14. b4 Nfe4 15. Ne5 Nxc3 16. Qxc3 Bf5 17. Bxf5 Nxf5 18. b5 cxb5 19. Qb3 f6 20. Nd3 {0-1 (38) Eljanov,P (2707)-Kryvoruchko,Y (2659) Kiev 2013}) 14. Ne5 Nxc3 15. bxc3 Be6 $146 ({Predecessor:} 15... c5 16. Qb2 b6 17. a4 Bd7 18. Qa3 Qc7 19. f4 c4 20. Bc2 {0-1 (47) Cajzler,H (2189)-Dvornic,M (2314) Nasice 2012}) 16. c4 dxc4 17. Bxc4 a6 18. Rab1 b5 19. Bxe6 Rxe6 20. Rbc1 Rc8 21. Nd3 a5 22. Qc5 Ne4 23. Qxd6 Rxd6 24. Rc2 b4 25. Rfc1 f6 26. f3 (26. a3 $16) 26... Ng3 27. Kf2 Nf5 28. g4 (28. Rc5 $18 Nxe3 29. Kxe3) 28... Ne7 29. Nc5 Rc7 30. Na4 Rd5 31. Rc4 Rb5 32. e4 Rd7 33. Ke3 Kf7 34. Rc5 Rd8 35. Kd3 b3 36. axb3 Rxb3+ 37. R1c3 Rb1 38. Rc1 Rb3+ 39. R5c3 Rb4 40. Rc4 Rb3+ 41. Nc3 Rb7 42. Ra1 Ra8 43. Rca4 Rba7 44. Nd1 Nc8 45. Nb2 Nb6 46. R4a3 Ke6 47. Nc4 Nxc4 48. Kxc4 Kd6 49. Ra4 g5 50. h4 h6 51. hxg5 hxg5 52. Rh1 Rf7 53. Rh6 Kc7 (53... c5 $11 {keeps the balance.}) 54. Kc5 Ra6 55. Rh1 Kd8 56. Rha1 Rfa7 57. Rb1 Kc7 {[%emt 0:00:20] [#]} 58. Rh1 $1 Kd8 59. Rh8+ Kd7 60. Rh7+ Ke6 61. Rxa7 (61. d5+ $142 Ke5 62. Rxa7 Rxa7 63. dxc6) 61... Rxa7 62. Kxc6 Ra8 63. d5+ Ke5 64. Kb7 Rh8 65. Rxa5 Rh1 66. Kc6 Rc1+ 67. Rc5 (67. Kd7 $142 Kf4 68. d6 Kxf3 69. Ke7) 67... Rd1 68. d6+ Ke6 69. Rd5 Rc1+ 70. Kb6 Rb1+ $2 (70... Kd7 $18 71. e5 fxe5 72. Rxe5 Rc6+ 73. Kb5 Rc3 74. Rxg5 Rxf3) 71. Kc7 Rc1+ 72. Kd8 Ra1 73. d7 Ra8+ 74. Kc7 Ra7+ 75. Kc8 Ra8+ {[%emt 0:00:15] [#]} 76. Kb7 Rd8 77. Kc7 Ke7 78. Rd6 1-0

[Event "FRA-ch Youth U20 2018"]
[Site "Agen"]
[Date "2018.04.22"]
[Round "9"]
[White "Bartels, Karina"]
[Black "Fretel, Liza"]
[Result "0-1"]
[ECO "A01"]
[WhiteElo "1702"]
[BlackElo "1849"]
[Annotator "NA RC"]
[PlyCount "104"]
[EventDate "2018.??.??"]
[EventType "swiss"]
[EventCountry "FRA"]
[SourceTitle "playchess.com"]
[Source "ChessBase"]
[SourceQuality "1"]
[TimeControl "5400+30"]

1. b3 Nf6 2. Bb2 d5 3. e3 Bf5 4. f4 e6 5. Nf3 Be7 6. Be2 O-O 7. O-O {[%emt 0:07:05] LiveBook: 4 Games A03: Bird's Opening with 1...d5} c5 8. Nh4 (8. h3 Nc6 9. d3 Bg6 10. g4 Nd7 11. Nbd2 f5 12. g5 e5 13. h4 d4 14. fxe5 dxe3 {0-1 (49) Nepomniachtchi,I (2714)-Tomashevsky,E (2714) Sochi 2014}) 8... Be4 9. d3 Ne8 $146 (9... Bg6 $11) ({Predecessor:} 9... Bf5 10. Nd2 Nc6 11. Nhf3 Ng4 12. Re1 Nxe3 13. Qc1 Nb4 14. Bd1 d4 {0-1 (43) Liscinska,L (1720)-Cabanova,K (1592) Liptovsky Mikulas 2017}) 10. Nf3 (10. dxe4 $16 Bxh4 11. g3) 10... Bf5 11. h3 Nd6 12. g4 Bg6 13. Ne5 f6 14. Nxg6 hxg6 15. Nd2 Kf7 (15... Nf7 $11 {keeps the balance.}) 16. Bf3 Rh8 17. Bg2 Nc6 18. Nf3 Qg8 {[%emt 0:06:01] [#]} 19. Kf2 (19. Ne5+ $1 $16 fxe5 20. fxe5+ Ke8 21. exd6 Bxd6 22. c4) 19... Ke8 $16 20. Qe2 Kd7 21. Kg1 Re8 22. Rfd1 Kc8 23. c4 Kb8 24. Rac1 Bd8 25. d4 cxd4 26. exd4 Bc7 27. a3 Ne4 28. Qe3 g5 29. fxg5 f5 30. gxf5 exf5 31. Nd2 Ng3 32. Qf3 Ne2+ 33. Kh1 Nxc1 34. cxd5 Ne2 35. dxc6 Qe6 36. d5 Qd6 37. Nf1 Rh4 38. Re1 Rf4 39. Rxe2 Ree4 40. Rxe4 fxe4 41. Qe2 e3 42. Bf3 bxc6 43. dxc6 Qe6 44. Qg2 Qe7 45. Bc1 Rxf3 46. Qxf3 e2 47. Bd2 exf1=Q+ 48. Qxf1 Qe4+ 49. Qg2 Qb1+ 50. Qg1 Qxb3 51. Qc1 Qxh3+ 52. Kg1 Bb6+ 0-1